 Dungeon Crawl Stone Soup version 0.28-a0-823-gb444dcf96d (webtiles) character file.

Game seed: 15376770963653644881

30 willcat the Sneak (level 2, -1/20 HPs)
             Began as a Demigod Enchanter on Nov 9, 2021.
             Frozen to death by an endoplasm (2 damage)
             ... on level 2 of the Dungeon.
             The game lasted 00:01:53 (2861 turns).

willcat the Sneak (Demigod Enchanter)               Turns: 2861, Time: 00:01:53

Health: -1/20      AC:  3    Str:  9    XL:     2   Next: 84%
Magic:  4/7        EV: 12    Int: 17    God:
Gold:   101        SH:  0    Dex: 14    Spells: 3/5 levels left

rFire   . . .      SeeInvis .   a - +1 dagger
rCold   . . .      Faith    .   (no shield)
rNeg    . . .      Spirit   .   b - +0 robe
rPois   .          Reflect  .   (no helmet)
rElec   .          Harm     .   (no cloak)
rCorr   .          Rampage  .   h - +0 pair of gloves
Will    .....                   (no boots)
Stlth   ++........              (no amulet)
HPRegen 0.06/turn               (no ring)
MPRegen 0.10/turn               (no ring)

@: no status effects
A: high mp 1, forlorn
a: no special abilities


You were on level 2 of the Dungeon.
You visited 1 branch of the dungeon, and saw 3 of its levels.

You collected 101 gold pieces.

Inventory:

Hand Weapons
 a - a +1 dagger (weapon)
Armour
 b - a +0 robe (worn)
 h - a +0 pair of gloves (worn)
Jewellery
 j - a ring of fire
Scrolls
 e - 2 scrolls of amnesia {unknown}
 g - a scroll of identify {unknown}
Potions
 c - a potion of invisibility
 d - a potion of flight {unknown}
 f - a potion of ambrosia {unknown}
 i - a potion of brilliance {unknown}


   Skills:
 + Level 1.2 Short Blades
 + Level 2.1 Dodging
 + Level 2.9 Stealth
 + Level 2.1 Spellcasting
 + Level 2.9 Hexes
 + Level 0.5 Ice Magic


You had 3 spell levels left.
You knew the following spells:

 Your Spells              Type           Power      Damage    Failure   Level
a - Ensorcelled Hibernat  Hex/Ice        14%        N/A       14%         2

Your spell library contained the following spells:

 Spells                   Type           Power      Damage    Failure   Level
 Confusing Touch          Hex            11%        N/A       17%         3
 Tukima's Dance           Hex            11%        N/A       17%         3
 Static Discharge         Conj/Air       1%         N/A       28%         2
 Dazzling Flash           Conj/Hex       12%        N/A       30%         3
 Dispel Undead            Necr           1%         3d6       88%         4
 Sticky Flame             Conj/Fire      1%         2d3       88%         4


Dungeon Overview and Level Annotations

Branches:
Dungeon (3/15)


Innate Abilities, Weirdness & Mutations

Your attributes grow dramatically as you level up.
You have an increased reservoir of magic. (+10% MP)
You shall have no god before yourself.


Message History

You hit the worm.
The worm is lightly wounded.
You completely miss the worm.
The worm is lightly wounded.
The worm closely misses you.
You hit the worm.
The worm is lightly wounded.
You hit the worm but do no damage.
The worm is lightly wounded.
The worm bites you.
Your magical contamination has completely faded away.
There is a stone staircase leading down here.
You climb downwards.
There is a stone staircase leading up here.
Unknown command.
There are monsters nearby!
There are monsters nearby!
An endoplasm comes into view.
The frilled lizard hisses angrily.
The kobold shouts!
The endoplasm quivers.
You hear a shout!
You hear an angry hiss.
The goblin unwields a +0 dagger.
The goblin wields a +0 hunting sling.
The goblin shoots a stone.
The stone hits you. The kobold hits you with a +0 dagger.
A kobold comes into view. It is wielding a +0 short sword.
There is a stone staircase leading up here.
The endoplasm freezes you.
You are frozen.
* * * LOW HITPOINT WARNING * * *
The kobold hits you with a +0 dagger.
* * * LOW HITPOINT WARNING * * *
You climb upwards.
There is a stone staircase leading down here.
The endoplasm freezes you.
You are frozen.
* * * LOW HITPOINT WARNING * * *
Unknown command.
The endoplasm freezes you.
You are frozen.
You die...

##.......##.##......÷.........# #
....#.<..........###....#####.###
##.......#..##...#(#..#.#####....
#.......#^###...###.............
#.......#.# #.w........###...#..
#########.# #..####w.......#.#..
#.# #.>K# ##.......<.... #.#
##J.# ##w.####.##.. #.#
#.@#####..÷..#.##w. #.#
#............#.w..# ### #.#
##.#####.###.####.. ..# #.# #.#
#.###....... #.# #.# #.#
#.##...####. #.# #.# ##.##
#....#...... #.# #.# #...#
####...####.
#.########.####...########.## #.
#.##.............................


You could see a worm, an endoplasm and a kobold.

Vanquished Creatures
  A worm (D:2)
  3 ball pythons
  2 bats
  3 endoplasms
  2 goblins (D:1)
  5 hobgoblins
  A quokka (D:1)
  3 kobolds
  3 rats
23 creatures vanquished.

Notes
Turn   | Place    | Note
-------+----------+-------------------------------------------
     0 | D:1      | willcat the Demigod Enchanter began the quest for the Orb.
     0 | D:1      | Reached XP level 1. HP: 14/14 MP: 5/5
   108 | D:1      | Reached skill level 1 in Short Blades
   341 | D:1      | Reached XP level 2. HP: 19/20 MP: 7/7
   344 | D:1      | Learned a level 2 spell: Ensorcelled Hibernation
  2860 | D:2      | HP: 1/20 [frozen (1)]
  2861 | D:2      | Frozen to death by an endoplasm

Illustrated notes

Levels and vault maps discovered:
D:1:      matt_arrival_spirals, layout_loops_ring
D:2:      layout_loops_ring, shapermc_ecumenical_altar_pompeii,
          dk_noncrumbling_4, item_on_display_a
D:3:      layout_basic, minmay_misc_feat_roman

Skill      XL: |  1  2 |
---------------+-------+-----
Short Blades   | 1 |  1.2
Dodging        | 2 |  2.1
Spellcasting   | 2 |  2.1
Stealth        | |  2.9
Hexes          | |  2.9
Ice Magic      | |  0.5

Action                   || total
-------------------------++-------
Melee: Dagger            ||    92
 Cast: Ensorcelled Hiber ||     7
 Stab: Sleeping          ||     7
Armor: Robe              ||    14
Dodge: Dodged            ||    54

Table legend: (Time is in decaauts)
 A = Elapsed time spent in this place.
 B = Non-inter-level travel time spent in this place.
 C = Inter-level travel time spent in this place.
 D = Time resting spent in this place.
 E = Time spent auto-exploring this place.
 F = Levels seen in this place.
 G = Mean time per level.
                   A        B        C        D        E       F      G
               +--------+--------+--------+--------+--------+-----+--------+
         Total |   2857 |   2684 |    173 |    588 |   1792 |   3 |  952.3 |
       Dungeon |   2857 |   2684 |    173 |    588 |   1792 |   3 |  952.3 |
               +--------+--------+--------+--------+--------+-----+--------+

Top non-repeatable levels by time:
     D:1: 1786 daAuts
     D:2: 1066 daAuts
     D:3: 3 daAuts
